 Dungeon Crawl Stone Soup version 0.13.0-18-g7b03ea5 (webtiles) character file.

399 Narretz the Shield-Bearer (level 6, -1/39 HPs)
             Began as a Gargoyle Fighter on Oct 22, 2013.
             Slain by an ogre
             ... wielding a +0,+0 giant spiked club
              (23 damage)
             ... on Level 4 of the Dungeon.
             The game lasted 00:07:56 (1972 turns).

Narretz the Shield-Bearer (Gargoyle Fighter)        Turns: 1972, Time: 00:07:57

HP  -1/39        AC 17     Str 21      XL: 6   Next:  3%
MP   5/5         EV  3     Int  9      God:
Gold 169         SH 19     Dex  9      Spells:  0 memorised,  5 levels left

Res.Fire  : . . .   See Invis. : .   a - +0 hand axe {=f}
Res.Cold  : . . .   Warding    : +   e - +0 plate armour
Life Prot.: + + .   Conserve   : .   c - +0 shield
Res.Poison: +       Res.Corr.  : .   (no helmet)
Res.Elec. : +       Clarity    : .   (no cloak)
Sust.Abil.: . .     Spirit.Shd : .   o - +0 pair of gloves
Res.Mut.  : .       Stasis     : .   (no boots)
Res.Rott. : +       Flight     : .   s - amulet of warding {unknown}
Saprovore : . . .                    (no ring)
                                     (no ring)

@: slightly resistant to hostile enchantments, extremely unstealthy
A: fangs 1, talons 2, life protection 1, electricity resistance, slow metabolism
1, unbreathing, petrification resistance, AC +4
a: no special abilities


You were on level 4 of the Dungeon.
You were hungry.

You visited 1 branch of the dungeon, and saw 4 of its levels.

You collected 167 gold pieces.
You spent 18 gold pieces at shops.

Inventory:

Hand weapons
 a - a +0,+0 hand axe (weapon) {=f}
 y - a +2 elven blowgun
Missiles
 p - a javelin (quivered)
 q - 14 poisoned needles
 v - 5 darts of frost
 z - 8 curare-tipped needles
Armour
 b - a +0 scale mail
 c - a +0 shield (worn)
 e - a +0 plate armour (worn)
 o - a +0 pair of gloves (worn)
Magical devices
 A - a wand of slowing (2)
Comestibles
 d - 2 bread rations
 k - a choko
 m - a meat ration
 t - a pear
Scrolls
 f - 4 scrolls of identify {unknown}
 h - 5 scrolls of teleportation
 i - a scroll of fear {unknown}
 j - 7 scrolls of remove curse {unknown}
 x - a scroll of enchant armour {unknown}
 B - a scroll of magic mapping {unknown}
Jewellery
 s - an amulet of warding (around neck) {unknown}
Potions
 g - a potion of restore abilities {unknown}
 l - a potion of heal wounds {unknown}
 n - a potion of beneficial mutation {unknown}
 r - a potion of curing {unknown}
 u - a potion of speed {unknown}
Magical staves
 w - an uncursed staff of summoning


   Skills:
 + Level 4.0 Fighting
 + Level 2.4 Axes
 + Level 1.0 Throwing
 + Level 4.7 Armour
 + Level 1.0 Dodging
 + Level 4.8 Shields
 + Level 0.2 Evocations


You had 5 spell levels left.
You didn't know any spells.

Dungeon Overview and Level Annotations

Branches:
Dungeon (4/27)
 Temple: D:4-7

Altars:

Shops:
D:4 *


Innate Abilities, Weirdness & Mutations

You are resistant to torment.
You are immune to poison.
Your stone body is very resilient (AC +4).
You have very sharp teeth.
You have razor-sharp toenails.
You resist negative energy.
You are resistant to electric shocks.
You have a slow metabolism.
You can survive without breathing.
You are immune to petrification.


Message History

Throwing (i - inventory. (,) - cycle):
p - 3 javelins (quivered)
Press: ? - help, Shift-Dir - straight line, f/p - ogre
Aim: an ogre, wielding a giant spiked club (lightly wounded)
You throw a javelin. The javelin misses the ogre.
Throwing (i - inventory. (,) - cycle):
p - 2 javelins (quivered)
Press: ? - help, Shift-Dir - straight line, f/p - ogre
Aim: an ogre, wielding a giant spiked club (lightly wounded)
You throw a javelin. The javelin hits the ogre.
The ogre is lightly wounded.
You hit the ogre.
The ogre is lightly wounded.
The ogre barely misses you.
You are feeling hungry.
You hit the ogre.
The ogre is moderately wounded.
The ogre hits you with a giant spiked club!
You see here a hobgoblin corpse.
The ogre hits you with a giant spiked club!
Ouch! That really hurt!
You die...

#..######.##...#..####
#.........######.....#
##.########
#.....#..(..... #.#
#.#.#...######
#[######## #.#.##.##
#........####.#[# .#
#######.........# .#
#..####O####.### #..#
#@........ #..#
##%.###.###
#%.###...###.##
#......#........
#.####...###.# #.#
###.###.##### #∩#
#..........
#........#.#######
########.#(#


You could see an ogre.

Vanquished Creatures
  The ghost of Czerbonog the Slasher, an average DsSk (D:4)
  A hound (D:4)
  Terence (D:3)
  2 adders
  A giant eyeball (D:4)
  3 giant cockroaches
  5 hobgoblins
  2 jackals (D:1)
  5 kobolds
  5 bats
  2 giant geckos
  A giant newt (D:1)
  10 goblins
  An orc skeleton (D:4)
  9 rats
49 creatures vanquished.

Notes
Turn   | Place    | Note
--------------------------------------------------------------
     0 | D:1      | Narretz, the Gargoyle Fighter, began the quest for the Orb.
     0 | D:1      | Reached XP level 1. HP: 14/14 MP: 0/0
   198 | D:1      | Reached XP level 2. HP: 19/19 MP: 1/1
   676 | D:2      | Reached XP level 3. HP: 18/24 MP: 2/2
   753 | D:2      | Reached skill level 4 in Armour
  1363 | D:3      | Noticed Terence
  1383 | D:3      | Killed Terence
  1383 | D:3      | Reached XP level 4. HP: 18/28 MP: 3/3
  1503 | D:3      | Noticed an orc warrior
  1610 | D:4      | Noticed Czerbonog's ghost (average DsSk)
  1704 | D:4      | Paralysed by a giant eyeball for 2 turns
  1714 | D:4      | Paralysed by a giant eyeball for 3 turns
  1773 | D:4      | Killed Czerbonog's ghost
  1773 | D:4      | Reached skill level 1 in Dodging
  1773 | D:4      | Reached XP level 5. HP: 13/33 MP: 4/4
  1773 | D:4      | Reached XP level 6. HP: 15/39 MP: 5/5
  1896 | D:4      | Found Tiyrgh's Assorted Antiques.
  1920 | D:4      | Bought a scroll labeled GOLAOB AHOATT for 18 gold pieces
  1930 | D:4      | Reached skill level 1 in Throwing
  1935 | D:4      | Noticed an ogre
  1972 | D:4      | Slain by an ogre

Action                   |  1- 3 |  4- 6 || total
-------------------------+-------+-------++-------
Melee: Hand axe          |    87 |    47 ||   134
 Fire: Blowgun           |     2 |       ||     2
Throw: Javelin           |       |    11 ||    11
Evoke: Wand              |       |     1 ||     1
  Use: Scroll            |     1 |     1 ||     2
